 Dungeon Crawl Stone Soup version 0.28-a0-1159-g27aa881441 (webtiles) character file.

Game seed: 7997465990056464567

314 SensoryNuts the Poker (level 6, -2/38 (48) HPs)
             Began as a Demonspawn Fighter on Dec 15, 2021.
             Slain by a wight (8 damage)
             ... in an ossuary.
             The game lasted 00:04:09 (4243 turns).

SensoryNuts the Poker (Demonspawn Fighter)          Turns: 4243, Time: 00:04:10

HP:   -2/38 (48)    AC:  9    Str: 16 (18) XL:     6   Next: 19%
MP:   6/6           EV:  9    Int: 12      God:
Gold: 144           SH:  4    Dex: 11 (12) Spells: 5/5 levels left

rFire   . . .      SeeInvis +   a - +1 trident
rCold   . . .      Faith    .   c - +0 buckler
rNeg    . . .      Spirit   .   b - +0 scale mail
rPois   .          Reflect  .   (helmet restricted)
rElec   +          Harm     .   (no cloak)
rCorr   .          Rampage  .   (no gloves)
Will    +....                   (no boots)
Stlth   ..........              (no amulet)
HPRegen 0.12/turn               j - ring of see invisible
MPRegen 0.10/turn               (no ring)

@: heavily drained
A: horns 2, yellow scales 1, foul stench 2, talons 1, clever 1, strong-willed 1,
electricity resistance, wild magic 1
a: no special abilities


You were in an ossuary.
You visited 1 branch of the dungeon, and saw 4 of its levels.
You also visited: Ossuary.

You collected 144 gold pieces.

Inventory:

Hand Weapons
 a - a +1 trident (weapon)
Armour
 b - a +0 scale mail (worn)
 c - a +0 buckler (worn)
Jewellery
 e - a ring of flight
 h - an amulet of guardian spirit
 j - a ring of see invisible (left hand)
Wands
 f - a wand of flame (17)
Scrolls
 g - a scroll of enchant weapon


   Skills:
 + Level 4.0 Fighting
 + Level 4.1 Polearms
 + Level 3.9 Armour
 + Level 0.6 Dodging
 + Level 0.4 Stealth
 + Level 3.0 Shields


You had 5 spell levels left.
You didn't know any spells.
Your spell library contained the following spells:

 Spells                   Type           Power      Damage    Failure   Level
 Freeze                   Ice            0%         1d3       85%         1
 Frozen Ramparts          Ice            0%         1d2       99%         3
 Hailstorm                Conj/Ice       0%         3d3       100%        4


Dungeon Overview and Level Annotations

Branches:
Dungeon (4/15)            Ossuary (1/1)
 Temple: D:4-7

Altars:
Uskayaw

Shops:
D:3 =[


Innate Abilities, Weirdness & Mutations

You have a pair of horns on your head.
You are partially covered in yellow scales. (AC +2)
You sometimes emit foul miasma when damaged in melee.
You have sharp toenails.
Your mind is acute. (Int +2)
You are strong-willed. (Will+)
You are resistant to electric shocks. (rElec)
Your spells are a little harder to cast, but a little more powerful.


Message History

The wight barely misses you.
You reach to attack!
You closely miss the wight.
The wight is moderately damaged.
The wight hits you from afar with a +4 spear!
You feel drained.
You reach to attack!
You hit the wight.
The wight is heavily damaged.
The wight hits you from afar with a +4 spear.
You feel drained.
You reach to attack!
You hit the wight.
The wight is severely damaged.
The wight hits you from afar with a +4 spear.
You reach to attack!
You hit the wight but do no damage.
The wight is severely damaged.
The wight hits you from afar with a +4 spear!
You feel drained.
The wight hits you from afar with a +4 spear.
* * * LOW HITPOINT WARNING * * *
You feel drained.
* * * LOW HITPOINT WARNING * * *
You feel better. The wight hits you but does no damage. The wight misses you.
There is an open door here.
You barely miss the wight. You claw the wight, but do no damage.
You headbutt the wight, but do no damage.
The wight is severely damaged.
You block the wight's attack.
You barely miss the wight. Your kick misses the wight.
The wight is heavily damaged.
You block the wight's attack.
You hit the wight. You claw the wight, but do no damage.
The wight is severely damaged.
The wight hits you with a +4 spear!
* * * LOW HITPOINT WARNING * * *
You feel drained.
* * * LOW HITPOINT WARNING * * *
You barely miss the wight.
The wight is severely damaged.
The wight hits you with a +4 spear!
You die...

.# +.+ #.# +.+ #.# +.+
###.### #z@.'.# ###.###
#.'.'.# ## ###'### .##
##...## ..###
####.....## ....######
#.#.......##
.∩...#...###..........##
......###.#............#


You could see a wight.

Vanquished Creatures
  An ogre (D:4)
  An orc priest (D:3)
  Terence (D:2)
  An orc wizard (D:3)
  A hound skeleton (D:2)
  9 adders
  4 dart slugs
  An orc (D:3)
  5 bats
  5 endoplasms
  A giant cockroach (D:3)
  5 goblins
  3 hobgoblins (D:2)
  4 kobolds
  2 quokkas
  3 ball pythons
  A ball python skeleton (Ossuary)
  2 frilled lizards (D:1)
  A hobgoblin skeleton (Ossuary)
  An orc skeleton (Ossuary)
  4 rats
56 creatures vanquished.

Notes
Turn   | Place    | Note
-------+----------+-------------------------------------------
     0 | D:1      | SensoryNuts the Demonspawn Fighter began the quest for the
                  | Orb.
     0 | D:1      | Reached XP level 1. HP: 18/18 MP: 1/1
     2 | D:1      | Noticed a dwarf
     4 | D:1      | Noticed a ghoul
     6 | D:1      | Noticed an octopode
     8 | D:1      | Noticed a spriggan
     8 | D:1      | Noticed a vine stalker
    10 | D:1      | Noticed a demonspawn
    12 | D:1      | Noticed a minotaur
    12 | D:1      | Noticed a naga
    14 | D:1      | Noticed a formicid
    14 | D:1      | Noticed a tengu
    16 | D:1      | Noticed a vampire
    16 | D:1      | Noticed a demigod
    18 | D:1      | Noticed a troll
    18 | D:1      | Noticed an elf
    20 | D:1      | Noticed a felid
    22 | D:1      | Noticed an ogre
    22 | D:1      | Noticed a merfolk
    24 | D:1      | Noticed a draconian
    24 | D:1      | Noticed a human
    26 | D:1      | Noticed a gargoyle
   445 | D:1      | Gained mutation: You have a pair of small horns on your
                  | head. [demonic ancestry]
   445 | D:1      | Reached XP level 2. HP: 24/24 MP: 2/2
   861 | D:1      | Found a faded altar of an unknown god.
  1438 | D:2      | Gained mutation: You have a pair of horns on your head.
                  | [demonic ancestry]
  1438 | D:2      | Reached XP level 3. HP: 29/29 MP: 3/3
  1803 | D:2      | Noticed Terence
  1814 | D:2      | Killed Terence
  1815 | D:2      | Gained mutation: You may rarely emit foul miasma when
                  | damaged in melee. [demonic ancestry]
  1815 | D:2      | Reached XP level 4. HP: 6/35 MP: 4/4
  2462 | D:2      | Gained mutation: You are robust. (+10% HP) [potion of
                  | mutation]
  2462 | D:2      | Gained mutation: You are resistant to electric shocks.
                  | (rElec) [potion of mutation]
  2731 | D:2      | Lost mutation: You are robust. (+10% HP) [potion of
                  | mutation]
  2731 | D:2      | Gained mutation: Your spells are a little harder to cast,
                  | but a little more powerful. [potion of mutation]
  2731 | D:2      | Gained mutation: Your mind is acute. (Int +2) [potion of
                  | mutation]
  2731 | D:2      | Gained mutation: You have sharp toenails. [potion of
                  | mutation]
  2731 | D:2      | Gained mutation: You are strong-willed. (Will+) [potion of
                  | mutation]
  2755 | D:3      | Found Ysaly's Jewellery Boutique.
  2771 | D:3      | Gained mutation: You sometimes emit foul miasma when
                  | damaged in melee. [demonic ancestry]
  2771 | D:3      | Reached XP level 5. HP: 18/42 MP: 5/5
  2964 | D:3      | Found Jicer's Armour Shoppe.
  3158 | D:3      | Found a hide-covered altar of Uskayaw.
  4053 | D:4      | Noticed an ogre
  4060 | D:4      | Killed an ogre
  4061 | D:4      | Gained mutation: You are partially covered in yellow
                  | scales. (AC +2) [demonic ancestry]
  4061 | D:4      | Reached XP level 6. HP: 38/48 MP: 6/6
  4169 | D:4      | Found a sand-covered staircase.
  4187 | Ossuary  | Entered an ossuary
  4243 | Ossuary  | Slain by a wight

Illustrated notes

Levels and vault maps discovered:
D:1:      kb_arrival_jail, layout_basic, ebering_ecumenical_altar_box
D:2:      layout_basic, serial_bayou_pond_a, serial_park_tiny_2, uniq_terence
D:3:      layout_basic, mainiacjoe_overflow_alcove_1, serial_shops, shop, shop
D:4:      layout_cave_pods, lemuel_temple_firewalk_b,
          nicolae_ossuary_entry_false_entrances, serial_bayou_pond_c,
          uniq_blork_the_orc
Ossuary:  ossuary_due_cavern

Skill      XL: |  1  2  3  4  5 |
---------------+----------------+-----
Armour         | 3 |  3.9
Polearms       | 2 3 4 |  4.1
Shields        | 3 |  3.0
Fighting       | 4 |  4.0
Dodging        | |  0.6
Stealth        | |  0.4

Action                   |  1- 3 |  4- 6 || total
-------------------------+-------+-------++-------
Melee: Trident           |   109 |   105 ||   214
       Headbutt          |     8 |     6 ||    14
       Kick              |       |    22 ||    22
  Use: Potion            |     1 |    11 ||    12
       Scroll            |       |     4 ||     4
Armor: Scale mail        |    38 |    30 ||    68
Dodge: Dodged            |    37 |    28 ||    65
Block: Buckler           |    17 |    18 ||    35

Table legend: (Time is in decaauts)
 A = Elapsed time spent in this place.
 B = Non-inter-level travel time spent in this place.
 C = Inter-level travel time spent in this place.
 D = Time resting spent in this place.
 E = Time spent auto-exploring this place.
 F = Levels seen in this place.
 G = Mean time per level.
                   A        B        C        D        E       F      G
               +--------+--------+--------+--------+--------+-----+--------+
         Total |   4271 |   4117 |    154 |    268 |   3299 |   5 |  854.2 |
       Dungeon |   4213 |   4059 |    154 |    268 |   3263 |   4 | 1053.2 |
       Ossuary |     57 |     57 |      0 |      0 |     36 |   1 |   57.0 |
               +--------+--------+--------+--------+--------+-----+--------+

Top non-repeatable levels by time:
     D:2: 1438 daAuts
     D:1: 1343 daAuts
     D:3: 1204 daAuts
     D:4: 226 daAuts
 Ossuary: 57 daAuts
